 Dungeon Crawl Stone Soup version 0.22-a0-406-g9ff8d77 (webtiles) character file.

976 Borgoz the Cleaver (level 8, -12/105 HPs)
             Began as a Hill Orc Berserker on May 8, 2018.
             Was a Priest of Trog.
             Blown up by Pikel (16 damage)
             ... with a wand of disintegration (13)
             ... on level 5 of the Dungeon.
             The game lasted 00:09:18 (5636 turns).

Borgoz the Cleaver (Hill Orc Berserker)             Turns: 5636, Time: 00:09:18

Health: -12/105    AC:  5    Str: 25    XL:     8   Next: 16%
Magic:  0/8        EV: 13    Int:  7    God:    Trog [***...]
Gold:   89         SH:  0    Dex: 12    Spells: 7/7 levels left

rFire    . . .     SeeInvis .   a - +1 hand axe
rCold    . . .     Gourm    .   (no shield)
rNeg     . . .     Faith    .   s - +0 animal skin
rPois    .         Spirit   +   (no helmet)
rElec    .         Reflect  .   v - scarf {Spirit}
rCorr    .         Harm     .   p - +2 pair of gloves
MR       .....                  (no boots)
Stlth    ..........             (no amulet)
HPRegen  0.27/turn              (no ring)
MPRegen  0.11/turn              (no ring)

@: berserking, drained, very quick
A: no striking features
a: Berserk, Trog's Hand, Renounce Religion


You were on level 5 of the Dungeon.
You worshipped Trog.
Trog was most pleased with you.
You were not hungry.

You visited 1 branch of the dungeon, and saw 5 of its levels.

You collected 319 gold pieces.
You spent 230 gold pieces at shops.

Inventory:

Hand Weapons
 a - a +1 hand axe (weapon)
 b - a +0 whip of venom
Armour
 p - a +2 pair of gloves (worn)
 s - a +0 animal skin (worn)
 v - a scarf of spirit shield (worn)
Wands
 n - a wand of digging (8)
Scrolls
 d - 4 scrolls of remove curse
 e - a scroll of magic mapping {unknown}
 g - 3 scrolls of enchant armour
 h - 2 scrolls of enchant weapon
 k - 2 scrolls of identify
 l - 3 scrolls of fog {unknown}
 q - a scroll of immolation {unknown}
 t - a scroll of blinking {unknown}
 u - a scroll of teleportation {unknown}
Potions
 f - 3 potions of flight
 j - a potion of invisibility
 m - a potion of mutation {unknown}
 o - 2 potions of lignification {unknown}
 r - a potion of curing
 w - a potion of degeneration {unknown}
Comestibles
 c - 7 rations


   Skills:
 + Level 6.1(5.5) Fighting
 * Level 8.3(7.7) Axes
 + Level 5.0(4.4) Armour
 + Level 3.8(3.2) Dodging


You had 7 spell levels left.
You didn't know any spells.

Dungeon Overview and Level Annotations

Branches:
Dungeon (5/15)
 Temple: D:4-7

Altars:
Cheibriados
Dithmenos
Xom
Zin

Shops:
D:4 !([!

Annotations:
D:5 Pikel


Message History

Pain shoots through your body!
You hear a zap.
You are blasted!
* * * LOW HITPOINT WARNING * * *
A red film seems to cover your vision as you go berserk!
You feel yourself moving faster!
You feel mighty!
You feel quite a bit more hungry. Menkaure barely misses you.
Something hits you!
* * * LOW HITPOINT WARNING * * *
Something freezes you.
* * * LOW HITPOINT WARNING * * *
You slash Menkaure!
You destroy Menkaure!
Trog accepts your kill.
Trog appreciates your killing of a magic user.
Your base Armour skill increases to level 5!
You miss something.
You hear a zap.
You are blasted!
You die...

# #.........# #
#########.# ######## #.#
.......# ##.#######
.#####.# #......... .#
#.###..####### .#
#...†..# .#
#.##...#########..#
.#####.##.....))@p....###
.......##..#####.####....
###.#####..# #.# ...
###.# #..# #.# ..## ....#
###..#####.##n...#.
.######...........oM._...
...........######..#....#
.######.#.## #..# ..# .##
#.o...# #.... #


You could see a slave.

Vanquished Creatures
  Menkaure (D:5)
  Duvessa (D:5)
  3 slaves (D:5)
  A necrophage (D:5)
  An ogre (D:5)
  Dowan (D:5)
  A scorpion (D:4)
  A howler monkey (D:4)
  An orc priest (D:4)
  A jelly (D:5)
  3 orc wizards
  A bullfrog skeleton (D:5)
  2 iguanas
  2 worker ants
  5 adders
  An ooze (D:1)
  3 adder skeletons
  4 worms
  2 leopard geckos
  12 orcs
  3 ball pythons
  8 bats
  12 giant cockroaches
  6 goblins
  7 hobgoblins
  2 jackals (D:3)
  7 kobolds
  2 quokkas (D:3)
  6 frilled lizards
  11 rats
111 creatures vanquished.

Vanquished Creatures (others)
  8 plants (D:5)
8 creatures vanquished.

Grand Total: 119 creatures vanquished

Notes
Turn   | Place    | Note
-------+----------+-------------------------------------------
     0 | D:1      | Borgoz the Hill Orc Berserker began the quest for the Orb.
     0 | D:1      | Reached XP level 1. HP: 19/19 MP: 1/1
   183 | D:1      | Reached XP level 2. HP: 17/27 MP: 2/2
   594 | D:1      | Reached ** piety under Trog
   594 | D:1      | Reached XP level 3. HP: 32/33 MP: 3/3
  1496 | D:2      | Reached XP level 4. HP: 33/40 MP: 4/4
  1572 | D:2      | Found a snail-covered altar of Cheibriados.
  1709 | D:2      | Found a shadowy altar of Dithmenos.
  1783 | D:2      | Found a shimmering altar of Xom.
  2337 | D:3      | Reached *** piety under Trog
  2420 | D:3      | Reached skill level 5 in Axes
  2871 | D:3      | Reached XP level 5. HP: 47/47 MP: 5/5
  3123 | D:4      | Found Besy's Weapon Boutique.
  3139 | D:4      | Found Aqeopref's Distillery.
  3147 | D:4      | Bought a potion of heal wounds for 65 gold pieces
  3147 | D:4      | Bought a potion of curing for 39 gold pieces
  3383 | D:4      | Found Ynilem Uboe's Armour Emporium.
  3398 | D:4      | Reached skill level 6 in Axes
  3398 | D:4      | Reached XP level 6. HP: 5/55 MP: 6/6
  3399 | D:4      | Reached skill level 5 in Fighting
  3695 | D:4      | Found Yzybyerr's Distillery.
  4115 | D:4      | Bought a scarf of spirit shield for 126 gold pieces
  4299 | D:5      | Entered Level 5 of the Dungeon
  4308 | D:5      | Reached XP level 7. HP: 59/61 MP: 4/7
  4726 | D:5      | Reached skill level 7 in Axes
  5145 | D:5      | Noticed Duvessa
  5145 | D:5      | Noticed Dowan
  5159 | D:5      | Killed Duvessa
  5185 | D:5      | Found a glowing silver altar of Zin.
  5186 | D:5      | Noticed Menkaure
  5625 | D:5      | Killed Dowan
  5625 | D:5      | Reached skill level 8 in Axes
  5625 | D:5      | Reached XP level 8. HP: 68/70 MP: 8/8
  5626 | D:5      | Noticed Pikel
  5634 | D:5      | HP: 4/105 [something (2)]
  5635 | D:5      | Killed Menkaure
  5635 | D:5      | Reached skill level 5 in Armour
  5636 | D:5      | Blown up by Pikel

Vault maps used:
D:1:      roderic_crop_circles_arrival_small, minmay_misc_feat_alley
D:2:      marbit_many_paths, old_standard_altar, grunt_ministairs_10,
          lemuel_statue_altar
D:3:      first_ration
D:4:      serial_shops, shop_statue, shop, shop, shop
D:5:      nicolae_overflow_crystal_walls, minmay_lizard_king, uniq_pikel,
          uniq_duvessa, uniq_menkaure

Skill      XL: |  1  2  3  4  5  6  7  8 |
---------------+-------------------------+-----
Fighting       | 4 5 6 |  6.1
Dodging        | 2 3 |  3.8
Armour         | 3 4 5 |  5.0
Axes           | 5 6 8 |  8.3

Action                   |  1- 3 |  4- 6 |  7- 9 || total
-------------------------+-------+-------+-------++-------
Melee: Hand axe          |   101 |   208 |   164 ||   473
Invok: Berserk           |       |     3 |     4 ||     7
       Trog's Hand       |       |       |     2 ||     2
  Use: Scroll            |       |     2 |     2 ||     4
       Potion            |       |       |     2 ||     2
 Stab: Sleeping          |       |     2 |       ||     2
  Eat: Chunk             |     2 |     5 |     7 ||    14
       Ration            |       |     2 |     1 ||     3
Armor: Animal skin       |    22 |    40 |    21 ||    83
       Skin              |       |       |     4 ||     4
Dodge: Dodged            |    59 |   138 |    79 ||   276

Table legend:
 A = Spawn XP
 B = Non-spawn XP
 C = Spawn XP percentage of total XP
 D = Spawn monster count
 E = Non-spawn monster count
 F = Spawn count percentage of total count
 G = Total turns spent on level
                    A         B        C        D         E        F      G
               +---------+---------+-------+---------+---------+-------+---------
         Total |       0 |    1395 |   0.0 |       0 |     108 |   0.0 |  5636
               +---------+---------+-------+---------+---------+-------+---------
           D:1 |       0 |      46 |   0.0 |       0 |      25 |   0.0 |  1009
           D:2 |       0 |      54 |   0.0 |       0 |      22 |   0.0 |  1045
           D:3 |       0 |      83 |   0.0 |       0 |      28 |   0.0 |  1040
           D:4 |       0 |     338 |   0.0 |       0 |      11 |   0.0 |  1205
           D:5 |       0 |     874 |   0.0 |       0 |      22 |   0.0 |  1337
               +---------+---------+-------+---------+---------+-------+---------
